 Dungeon Crawl Stone Soup version 0.27-a0-531-gb72ec1a1b6 (webtiles) character file.

Game seed: 1988567322435626577

0 HendSelp the Conjurer (level 1, 13/13 HPs)
             Began as a Gnoll Conjurer on Mar 5, 2021.
             Tarried too long and was consumed by Zot
             ... on level 1 of the Dungeon.
             The game lasted 00:02:12 (11999 turns).

HendSelp the Conjurer (Gnoll Conjurer)             Turns: 11999, Time: 00:02:13

Health: 13/13      AC:  2    Str:  6    XL:     1   Next: 0%
Magic:  6/6        EV: 13    Int: 17    God:
Gold:   15         SH:  0    Dex: 10    Spells: 8/9 levels left

rFire    . . .     SeeInvis .   (no weapon)
rCold    . . .     Faith    .   (no shield)
rNeg     . . .     Spirit   .   a - +0 robe
rPois    .         Reflect  .   (no helmet)
rElec    .         Harm     .   (no cloak)
rCorr    .         Rampage  .   (no gloves)
Will     .....                  (no boots)
Stlth    ++........             (no amulet)
HPRegen  0.04/turn              (no ring)
MPRegen  0.10/turn              (no ring)

@: bezotted
A: fangs 1, strong nose, distributed training
a: no special abilities


You were on level 1 of the Dungeon.
You visited 1 branch of the dungeon, and saw 2 of its levels.

You collected 15 gold pieces.

Inventory:

Armour
 a - a +0 robe (worn)
Scrolls
 b - a scroll of teleportation {unknown}


   Skills:
 + Level 0.0 Fighting
 + Level 0.0 Short Blades
 + Level 0.0 Long Blades
 + Level 0.0 Axes
 + Level 0.0 Maces & Flails
 + Level 0.0 Polearms
 + Level 0.0 Staves
 + Level 0.0 Slings
 + Level 0.0 Bows
 + Level 0.0 Crossbows
 + Level 0.0 Throwing
 + Level 0.0 Armour
 + Level 4.4 Dodging
 + Level 4.0 Stealth
 + Level 0.0 Shields
 + Level 0.0 Unarmed Combat
 + Level 4.8 Spellcasting
 + Level 7.0 Conjurations
 + Level 0.0 Hexes
 + Level 0.0 Summonings
 + Level 0.0 Necromancy
 + Level 0.0 Translocations
 + Level 0.0 Transmutations
 + Level 0.0 Fire Magic
 + Level 0.0 Ice Magic
 + Level 0.0 Air Magic
 + Level 0.0 Earth Magic
 + Level 0.0 Poison Magic
 + Level 0.0 Invocations
 + Level 0.0 Evocations


You had 8 spell levels left.
You knew the following spells:

 Your Spells              Type           Power      Damage    Failure   Level
a - Magic Dart            Conj           100%       1d8       1%          1

Your spell library contained the following spells:

 Spells                   Type           Power      Damage    Failure   Level
 Searing Ray              Conj           56%        3d5       1%          2
 Dazzling Flash           Conj/Hex       32%        N/A       11%         3
 Fulminant Prism          Conj/Hex       8%         3d7       34%         4
 Iskenderun's Mystic Bla  Conj/Tloc      16%        2d5       34%         4


Dungeon Overview and Level Annotations

Branches:
Dungeon (2/15)

Altars:


Innate Abilities, Weirdness & Mutations

You have very sharp teeth.
Your uncanny sense of smell can sniff out nearby items.
Your experience applies equally to all skills.


Message History

You start waiting.
You start waiting.
You start waiting.
You start waiting.
You start waiting.
You start waiting.
You start waiting.
You start waiting.
You start waiting.
You start waiting.
You start waiting.
You start waiting.
You start waiting.
You start waiting.
You start waiting.
You start waiting.
You have lingered too long.
Zot senses you.
Dive deeper or flee this branch before you perish!
You start waiting.
Done waiting.
You start waiting.
You start waiting.
You start waiting.
You start waiting.
You start waiting.
You start waiting.
You start waiting.
Zot draws nearer.
Dive deeper or flee this branch before you perish!
You start waiting.
Done waiting.
You start waiting.
Done waiting.
You start waiting.
Done waiting.
You start waiting.
Done waiting.
Zot has nearly found you.
Death is approaching.
Descend or flee this branch!
There is a stone staircase leading down here.
There is a stone staircase leading down here.
Zot has found you!
You die...
PP.P.PP.P.PP.P.PP.# PP.PP.P..PP.PP.PP.# PPP.PP.....PP.PPP.# PPP.PP....PPP.PPP(# PPPP....PPP..PPPP.# PPPPP...<..PPPPPP.# PPPPPP.PPPPPPPPPP.#

..................#
###...(.#.......@##
#.###.#.########
#.....#.# #..####..
#. ### #. #g


There were no monsters in sight!

Vanquished Creatures (others)
  9 plants (D:1)
9 creatures vanquished.

Notes
Turn   | Place    | Note
-------+----------+-------------------------------------------
     0 | D:1      | HendSelp the Gnoll Conjurer began the quest for the Orb.
     0 | D:1      | Reached XP level 1. HP: 13/13 MP: 6/6
  5000 | D:1      | Glimpsed the power of Zot.
  5500 | D:1      | Glimpsed the power of Zot.
  5900 | D:1      | Glimpsed the power of Zot.
 10999 | D:1      | Glimpsed the power of Zot.
 11499 | D:1      | Glimpsed the power of Zot.
 11899 | D:1      | Glimpsed the power of Zot.
 11998 | D:1      | Glimpsed the power of Zot.
 11999 | D:1      | Tarried too long and was consumed by Zot

Illustrated notes

Levels and vault maps discovered:
D:1:      roderic_crop_circles_arrival_small, layout_basic
D:2:      layout_rooms, fedhas_ov_isle_minmay

Action                   || total
-------------------------++-------
Melee: Unarmed           ||    25
       Bite              ||     1
 Cast: Magic Dart        ||     1

Table legend: (Time is in decaauts)
 A = Elapsed time spent in this place.
 B = Non-inter-level travel time spent in this place.
 C = Inter-level travel time spent in this place.
 D = Time resting spent in this place.
 E = Time spent auto-exploring this place.
 F = Levels seen in this place.
 G = Mean time per level.
                   A        B        C        D        E       F      G
               +--------+--------+--------+--------+--------+-----+--------+
         Total |  11999 |  11999 |      0 |  11777 |     11 |   2 | 5999.5 |
       Dungeon |  11999 |  11999 |      0 |  11777 |     11 |   2 | 5999.5 |
               +--------+--------+--------+--------+--------+-----+--------+

Top non-repeatable levels by time:
     D:1: 11997 daAuts
     D:2: 1 daAuts
